[Event "Team 45 45 League T33"]
[Site "Internet Chess Club"]
[Date "2007.05.12"]
[Round "4"]
[White "werty"]
[Black "houseofcook"]
[Result "1/2-1/2"]
[WhiteElo "1407"]
[BlackElo "1413"]
[ECO "A48"]
[TimeControl "2700+45"]

1. d4 Nf6 2. Nf3 g6 3. e3 Bg7 4. c3 O-O 5. Bd3 d5 6. O-O Nbd7 7. Re1 Ne4 8. Nbd2
Ndf6 9. Qc2 Bf5 10. Nh4 Nd6 11. Nxf5 Nxf5 12. Bxf5 gxf5 13. Qxf5 e6 14. Qf3 c6
15. e4 dxe4 16. Nxe4 Nxe4 17. Rxe4 Kh8 18. Qh3 Bf6 19. Bf4 Qd5 20. Rae1 Rg8 21.
Be5 Bxe5 22. Rxe5 Qxa2 23. R5e2 Qb3 24. Qf3 Rg7 25. Qf6 Rg8 26. Re3 Qxb2 27. Qe5
Qa2 28. h4 Qd5 29. Qxd5 cxd5 30. g3 a5 31. Kg2 a4 32. f4 h6 33. Ra1 Ra8 34. Re2
b5 35. Rb2 Ra5 36. Rab1 f6 37. Rxb5 {Game drawn by mutual agreement} 1/2-1/2

[Event "Team 45 45 League T33"]
[Site "Internet Chess Club"]
[Date "2007.05.14"]
[Round "4"]
[White "gagdad"]
[Black "arriero55"]
[Result "1-0"]
[WhiteElo "1669"]
[BlackElo "1568"]
[ECO "B52"]
[TimeControl "2700+45"]

1. e4 c5 2. Nf3 d6 3. Bb5+ Bd7 4. Bxd7+ Nxd7 5. O-O Ngf6 6. Re1 Qc7 7. Nc3 e6 8.
d4 cxd4 9. Nxd4 Be7 10. Ndb5 Qb8 11. Be3 b6 12. Qd3 Ne5 13. Qe2 a6 14. Na3 b5
15. Nab1 Nc4 16. b3 Nxe3 17. Qxe3 O-O 18. Nd2 Bd8 19. Qe2 Qc7 20. Ndb1 Qc5 21.
Qe3 Qc6 22. a3 Bb6 23. Qe2 Bd4 24. Qd3 Qb6 25. Re2 Ng4 26. Qf3 Nf6 27. Ra2 Rac8
28. Rd2 Qc5 29. Ne2 Be5 30. Nf4 Qc6 31. Re2 Bxf4 32. Qxf4 e5 33. Qf3 Rfe8 34.
Nd2 d5 35. exd5 Nxd5 36. Ne4 Nc3 37. Nxc3 Qxf3 38. gxf3 Rxc3 39. Re3 Rc6 40. f4
Rce6 41. fxe5 Rxe5 42. Rxe5 Rxe5 43. a4 b4 44. Ra1 f6 45. Rd1 Kf7 46. Kf1 Ke7
47. Re1 Rxe1+ 48. Kxe1 a5 49. Ke2 Kd6 50. Kd3 Kd5 51. c3 Kc5 52. c4 f5 53. Ke3
g5 54. f3 h5 55. h3 h4 56. Kf2 Kd4 57. Ke2 Kc5 58. Ke3 f4+ 59. Ke4 g4 60. fxg4
{Black resigns} 1-0

[Event "Team 45 45 League T33"]
[Site "Internet Chess Club"]
[Date "2007.05.15"]
[Round "4"]
[White "egd01"]
[Black "scyther314159"]
[Result "1-0"]
[WhiteElo "1538"]
[BlackElo "1429"]
[ECO "C68"]
[TimeControl "2700+45"]

1. e4 e5 2. Nf3 Nc6 3. Bb5 a6 4. Bxc6 dxc6 5. d3 f6 6. Be3 Be6 7. O-O Qd7 8.
Nbd2 O-O-O 9. Nb3 b6 10. a4 Kb7 11. a5 Ne7 12. Qd2 Nc8 13. axb6 cxb6 14. Na5+
Ka7 15. Qc3 c5 16. Nc4 Bxc4 17. Qxc4 Qb7 18. Ra3 Nd6 19. Qb3 Ne8 20. Rfa1 Nc7
21. Nd2 c4 22. Nxc4 Bxa3 23. Bxb6+ Kb8 24. Na5 Qa8 25. Rxa3 g5 26. Qc4 Rd7 27.
Rc3 Rc8 28. Qb3 Nb5 29. Rxc8+ Kxc8 30. Qg8+ Rd8 31. Qxd8# {Black checkmated} 1-0

[Event "Team 45 45 League T33"]
[Site "Internet Chess Club"]
[Date "2007.05.14"]
[Round "4"]
[White "Dostoy"]
[Black "jjmolina"]
[Result "1/2-1/2"]
[WhiteElo "1514"]
[BlackElo "1490"]
[ECO "A04"]
[TimeControl "2700+45"]

1. Nf3 e6 2. b3 f5 3. Bb2 Nf6 4. c4 Be7 5. e3 O-O 6. d4 Ne4 7. Bd3 Bb4+ 8. Nbd2
d5 9. O-O Nc6 10. a3 Bd6 11. Ne5 Nxe5 12. dxe5 Be7 13. Bc2 c6 14. f3 Ng5 15. f4
Ne4 16. Nxe4 dxe4 17. Qxd8 Rxd8 18. Rad1 Bd7 19. Rd2 Be8 20. Rfd1 Bh5 21. Rxd8+
Rxd8 22. Rxd8+ Bxd8 23. b4 Be2 24. c5 a5 25. Bb3 Kf7 26. Bc3 {Game drawn by
mutual agreement} 1/2-1/2

[Event "Team 45 45 League T33"]
[Site "Internet Chess Club"]
[Date "2007.05.13"]
[Round "4"]
[White "Ernie1"]
[Black "Grenadier"]
[Result "1-0"]
[WhiteElo "1657"]
[BlackElo "1806"]
[ECO "A00"]
[TimeControl "2700+45"]

1. c3 Nf6 2. d4 d5 3. Nf3 e6 4. Bg5 c5 5. e3 Nc6 6. Bb5 a6 7. Bxc6+ bxc6 8. Ne5
Bb7 9. f4 cxd4 10. exd4 Be7 11. O-O c5 12. Qa4+ Nd7 13. Qxd7+ Qxd7 14. Nxd7 Kxd7
15. Bxe7 Kxe7 16. dxc5 Rhc8 17. b4 a5 18. a3 Ba6 19. Re1 f6 20. Nd2 Rd8 21. Nb3
a4 22. Nd4 Bc8 23. Nc6+ Kd7 24. Nxd8 Kxd8 25. Rad1 Ra6 26. Rd4 Bb7 27. b5 Ra5
28. c6 Bc8 29. b6 Rc5 30. b7 Kc7 31. bxc8=Q+ Kxc8 32. Rxa4 Rxc6 33. Ra7 Rxc3 34.
Rxe6 Kd8 35. Ree7 Rc1+ 36. Kf2 Rc2+ 37. Ke1 Rxg2 38. Rxg7 Rxg7 39. Rxg7 h5 40.
Kd2 {Black resigns} 1-0

[Event "Team 45 45 League T33"]
[Site "Internet Chess Club"]
[Date "2007.05.12"]
[Round "4"]
[White "fredd"]
[Black "NESKAYA"]
[Result "1-0"]
[WhiteElo "1594"]
[BlackElo "1574"]
[ECO "A47"]
[TimeControl "2700+45"]

1. d4 Nf6 2. Nf3 b6 3. c4 Bb7 4. e3 e6 5. Nc3 Bb4 6. Bd3 O-O 7. O-O Bxc3 8. bxc3
d6 9. Re1 Be4 10. Bxe4 Nxe4 11. Qc2 f5 12. Nd2 d5 13. Nxe4 dxe4 14. Ba3 Rf6 15.
Rad1 Rh6 16. g3 Nd7 17. d5 e5 18. d6 c5 19. Qe2 Qg5 20. f3 f4 21. exf4 exf4 22.
Qxe4 fxg3 23. Qxa8+ Nf8 24. Qd5+ Qxd5 25. cxd5 gxh2+ 26. Kh1 Rxd6 27. Kxh2 Rh6+
28. Kg2 Ng6 29. Kg3 Nh4 30. Kg4 Ng2 31. Re6 Rxe6 32. dxe6 Ne3+ 33. Kf4 Nxd1 34.
Ke5 Kf8 35. Kd6 Ke8 36. c4 Nc3 37. Bb2 Nxa2 38. Bxg7 Nb4 39. f4 Nd3 40. f5 Nf4
41. f6 Ng6 42. f7+ Kd8 43. e7+ Nxe7 44. f8=Q# {Black checkmated} 1-0

[Event "Team 45 45 League T33"]
[Site "Internet Chess Club"]
[Date "2007.05.12"]
[Round "4"]
[White "ogoon"]
[Black "BrerRabbit"]
[Result "1-0"]
[WhiteElo "1615"]
[BlackElo "1533"]
[ECO "B40"]
[TimeControl "2700+45"]

1. e4 c5 2. Nf3 e6 3. a3 Nf6 4. e5 Nd5 5. Nc3 Nxc3 6. dxc3 d6 7. Bb5+ Bd7 8. Bd3
Be7 9. Bf4 d5 10. b3 O-O 11. Qd2 Nc6 12. O-O f5 13. Rfe1 Qc7 14. a4 Rac8 15.
Rad1 a6 16. c4 Nb4 17. cxd5 exd5 18. e6 Qd8 19. exd7 Qxd7 20. c3 Nc6 21. Qe2 Bf6
22. Qc2 g6 23. c4 d4 24. Ne5 Qd8 25. Nxc6 Rxc6 26. Re2 Qc8 27. Rde1 b5 28. cxb5
axb5 29. axb5 Rb6 30. Qc4+ Kg7 31. Re6 {Black resigns} 1-0

[Event "Team 45 45 League T33"]
[Site "Internet Chess Club"]
[Date "2007.05.13"]
[Round "4"]
[White "AlPearson"]
[Black "MarcoDeSade"]
[Result "1-0"]
[WhiteElo "1500"]
[BlackElo "1408"]
[ECO "C05"]
[TimeControl "2700+45"]

1. e4 e6 2. d4 d5 3. Nd2 Nf6 4. e5 Nfd7 5. Bd3 Be7 6. Ngf3 O-O 7. O-O c5 8. dxc5
Nxc5 9. Nb3 Nxd3 10. Qxd3 Nc6 11. Be3 b6 12. Rfd1 a5 13. Qb5 Bd7 14. Qxb6 Qxb6
15. Bxb6 Rfb8 16. Bc7 Rb7 17. Bd6 Bxd6 18. exd6 Rd8 19. Rab1 Be8 20. c4 Rxd6 21.
cxd5 Rbd7 22. Nc5 Rxd5 23. Nxd7 Rxd7 24. Rxd7 Bxd7 25. Rd1 Be8 26. Nd4 Kf8 27.
Nxc6 Bxc6 28. Rc1 Bd7 29. Rc7 Ke7 30. f4 Kd6 31. Ra7 a4 32. a3 f6 33. Kf2 g6 34.
Ke3 h6 35. g3 g5 36. Rb7 Ke7 37. b3 axb3 38. Rxb3 Kd6 39. Rb1 f5 40. Ra1 g4 41.
a4 Bc6 42. a5 Kc7 43. a6 Kb6 44. a7 Ba8 45. Kd4 {Black resigns} 1-0

[Event "Team 45 45 League T33"]
[Site "Internet Chess Club"]
[Date "2007.05.14"]
[Round "4"]
[White "Warpdrive"]
[Black "RD1974"]
[Result "0-1"]
[WhiteElo "1598"]
[BlackElo "1717"]
[ECO "B33"]
[TimeControl "2700+45"]

1. e4 c5 2. Nf3 Nc6 3. d4 cxd4 4. Nxd4 Nf6 5. Nc3 e6 6. Bc4 Bb4 7. f3 Nxe4 8.
fxe4 Qh4+ 9. Kf1 Bxc3 10. bxc3 Qxe4 11. Bd3 Qh4 12. g3 Qd8 13. Nxc6 bxc6 14. Qg4
O-O 15. Ke2 f5 16. Qd4 e5 17. Qh4 Qxh4 18. gxh4 d5 19. Ba3 Rf7 20. Kd2 e4 21.
Be2 f4 22. Bc5 e3+ 23. Bxe3 fxe3+ 24. Kxe3 Bd7 25. Rhf1 Re8+ 26. Kd2 Rfe7 27.
Rf2 Bf5 28. Bd3 Be4 29. Raf1 c5 30. Re1 c4 31. Bxe4 Rxe4 32. Rfe2 Rxe2+ 33. Rxe2
Rxe2+ 34. Kxe2 Kf7 35. Ke3 Ke6 36. Kd4 g6 37. a3 h6 38. a4 Kd6 39. h3 a6 40. a5
h5 41. Ke3 Ke5 42. Kf3 d4 43. Ke2 Ke4 44. cxd4 Kxd4 45. Kd2 c3+ 46. Ke2 Ke4 47.
Kf2 Kf4 48. Ke2 Kg3 49. Kd3 Kxh4 50. Kxc3 g5 51. Kd4 g4 52. hxg4 hxg4 53. Ke3 g3
54. Ke2 Kh3 55. Kf1 Kh2 {White resigns} 0-1

[Event "Team 45 45 League T33"]
[Site "Internet Chess Club"]
[Date "2007.05.11"]
[Round "4"]
[White "hondocando"]
[Black "Talmage"]
[Result "0-1"]
[WhiteElo "1591"]
[BlackElo "1599"]
[ECO "C40"]
[TimeControl "2700+45"]

1. e4 e5 2. Nf3 f5 3. Nxe5 Qf6 4. Nc4 fxe4 5. d3 d5 6. Ncd2 exd3 7. Bxd3 Qe5+ 8.
Be2 Bg4 9. f3 Bf5 10. Nb3 Nc6 11. O-O O-O-O 12. Re1 d4 13. Bd3 Qd5 14. N1d2 Bxd3
15. cxd3 Nf6 16. Ne4 Be7 17. Bf4 Qf5 18. Bg3 Nh5 19. Qc2 Nxg3 20. hxg3 h5 21.
Rac1 h4 22. g4 Qd5 23. Qc4 h3 24. Qxd5 h2+ 25. Kh1 Rxd5 26. a3 Rb5 27. Ned2 Ne5
28. Nxd4 Nxd3 29. Nxb5 Nf2# {White checkmated} 0-1

[Event "Team 45 45 League T33"]
[Site "Internet Chess Club"]
[Date "2007.05.14"]
[Round "4"]
[White "DenisLewis"]
[Black "ltcdi"]
[Result "0-1"]
[WhiteElo "1591"]
[BlackElo "1525"]
[ECO "E30"]
[TimeControl "2700+45"]

1. d4 Nf6 2. c4 e6 3. Nc3 Bb4 4. Bg5 c5 5. dxc5 Qa5 6. Qc2 Qxc5 7. Bxf6 gxf6 8.
e3 Nc6 9. Nf3 b6 10. O-O-O Bxc3 11. Qxc3 Ke7 12. a3 Bb7 13. Nd4 Rhd8 14. Nb5 d6
15. Qd3 f5 16. f4 Nb8 17. Kb1 Be4 {White resigns} 0-1

[Event "Team 45 45 League T33"]
[Site "Internet Chess Club"]
[Date "2007.05.10"]
[Round "4"]
[White "Aquaman"]
[Black "Ghashgork"]
[Result "0-1"]
[WhiteElo "1472"]
[BlackElo "1692"]
[ECO "A20"]
[TimeControl "2700+45"]

1. c4 e5 2. g3 Nc6 3. Bg2 f5 4. e3 Nf6 5. Ne2 d5 6. cxd5 Nb4 7. Nbc3 Nd3+ 8. Kf1
Ng4 9. Qc2 Ngxf2 10. Rg1 e4 11. Nf4 Nxf4 12. exf4 Nd3 13. Bxe4 fxe4 14. Qa4+ Kf7
15. Qxe4 Nxc1 16. Rxc1 a6 17. Re1 Qe7 18. Qd3 Qb4 19. Kg2 Bc5 20. Rgf1 Qd4 21.
Qc2 g6 22. Qc1 Bf5 23. h3 Rhe8 24. g4 Rxe1 25. Qxe1 Re8 26. Qd1 Bd3 27. Re1 Qf2+
28. Kh1 Rxe1+ 29. Qxe1 Qxe1+ {White resigns} 0-1

[Event "Team 45 45 League T33"]
[Site "Internet Chess Club"]
[Date "2007.05.14"]
[Round "4"]
[White "BillyNoMates"]
[Black "alastorx"]
[Result "1/2-1/2"]
[WhiteElo "1897"]
[BlackElo "1940"]
[ECO "B01"]
[TimeControl "2700+45"]

1. e4 d5 2. exd5 Qxd5 3. Nc3 Qa5 4. d4 Nf6 5. Bd2 Qb6 6. Nf3 Bg4 7. h3 Bh5 8. g4
Bg6 9. Bc4 Na6 10. Bb3 O-O-O 11. Qe2 e6 12. O-O-O Nb4 13. Na4 Qa6 14. Qxa6 Nxa6
15. Rhg1 Be7 16. Be3 Nd5 17. a3 h6 18. Ne5 Nxe3 19. fxe3 Bg5 20. Rge1 Rd6 21.
Nc4 Rd7 22. Ne5 Rd6 23. Nc4 Rd7 24. Ne5 Rd6 {Game drawn by repetition} 1/2-1/2

[Event "Team 45 45 League T33"]
[Site "Internet Chess Club"]
[Date "2007.05.13"]
[Round "4"]
[White "chinta"]
[Black "hansolo1000"]
[Result "1-0"]
[WhiteElo "1810"]
[BlackElo "1761"]
[ECO "B21"]
[TimeControl "2700+45"]

1. e4 c5 2. f4 d6 3. Nf3 e6 4. Nc3 Be7 5. d4 cxd4 6. Qxd4 Nf6 7. Be3 Nc6 8. Qd2
Ng4 9. O-O-O Nxe3 10. Qxe3 a6 11. e5 d5 12. Kb1 Qa5 13. f5 Bd7 14. f6 gxf6 15.
exf6 Bc5 16. Qf4 O-O-O 17. a3 Bxa3 18. bxa3 Qxc3 19. Rd3 Qc5 20. Ne5 Nxe5 21.
Qxe5 Bc6 22. Rc3 Qd6 23. Qd4 Rd7 24. Qb6 Qc7 25. Qa7 Qb8 26. Rxc6+ Rc7 27. Rxc7+
Qxc7 28. Bd3 {Black resigns} 1-0

[Event "Team 45 45 League T33"]
[Site "Internet Chess Club"]
[Date "2007.05.13"]
[Round "4"]
[White "LoseOften"]
[Black "shakkimestari"]
[Result "1-0"]
[WhiteElo "1783"]
[BlackElo "1760"]
[ECO "B33"]
[TimeControl "2700+45"]

1. e4 c5 2. Nf3 Nc6 3. d4 cxd4 4. Nxd4 Nf6 5. Nc3 a6 6. Bc4 e5 7. Nf5 d6 8. Bg5
Bxf5 9. exf5 Be7 10. Bxf6 Bxf6 11. Qd5 O-O 12. O-O-O Qb6 13. Ne4 Be7 14. f6 gxf6
15. Rd3 Kh8 16. Nxd6 Bxd6 17. Qxd6 Qd8 18. Qa3 Qc7 19. Rh3 Rg8 20. Qf3 Rg6 21.
Bd3 Rg7 22. Qxf6 Kg8 23. Re1 Rd8 24. Qh6 Rd6 25. Bxh7+ Kf8 26. Qe3 Nb4 27. Qxe5
Nxa2+ 28. Kb1 Rd1+ 29. Kxa2 Qc4+ 30. b3 Qxc2+ 31. Bxc2 {Black resigns} 1-0

[Event "Team 45 45 League T33"]
[Site "Internet Chess Club"]
[Date "2007.05.14"]
[Round "4"]
[White "NFK"]
[Black "Stav"]
[Result "1-0"]
[WhiteElo "1731"]
[BlackElo "1734"]
[ECO "B40"]
[TimeControl "2700+45"]

1. e4 c5 2. Nf3 e6 3. Nc3 d6 4. Bb5+ Bd7 5. d3 Nc6 6. O-O Nf6 7. Re1 Be7 8. Bxc6
Bxc6 9. e5 Nd5 10. Ne4 Qc7 11. c4 Nb6 12. Bf4 O-O-O 13. exd6 Bxd6 14. Bxd6 Rxd6
15. Nxd6+ Qxd6 16. Ne5 Be8 17. Rc1 f6 18. Nf3 e5 19. b4 Bh5 20. bxc5 Qxc5 21.
Rb1 Rd8 22. Qe2 Qc6 23. Nxe5 Bxe2 24. Nxc6 bxc6 25. Rxe2 Rxd3 26. Re7 Rd7 27.
Rxd7 Nxd7 28. Re1 Kd8 29. Rd1 Kc7 30. f4 Nb6 31. c5 Nd5 32. g3 Nc3 33. Re1 Kd7
34. Re3 Nb5 35. a4 Nc7 36. f5 g6 37. fxg6 hxg6 38. g4 Ne6 39. Rd3+ Ke7 40. Rd6
Nxc5 41. Rxc6 Nxa4 42. Ra6 Nc5 43. Rxa7+ Ke6 44. h4 Ne4 45. h5 gxh5 46. gxh5 Ng5
47. h6 f5 48. h7 Nxh7 49. Rxh7 {Black resigns} 1-0

[Event "Team 45 45 League T33"]
[Site "Internet Chess Club"]
[Date "2007.05.13"]
[Round "4"]
[White "SneakyRed"]
[Black "ivanson"]
[Result "1/2-1/2"]
[WhiteElo "1801"]
[BlackElo "1882"]
[ECO "B02"]
[TimeControl "2700+45"]

1. e4 Nf6 2. e5 Nd5 3. c4 Nb6 4. c5 Nd5 5. Bc4 e6 6. d4 b6 7. Bxd5 exd5 8. b4
bxc5 9. bxc5 d6 10. cxd6 cxd6 11. Nc3 dxe5 12. dxe5 d4 13. Nce2 Qa5+ 14. Bd2
Qxe5 15. Qa4+ Bd7 16. Qxd4 Qxd4 17. Nxd4 Be7 18. Ngf3 O-O 19. O-O Bf6 20. Rab1
Nc6 21. Be3 Nxd4 22. Nxd4 Rab8 23. Rfc1 Rfc8 24. Rxc8+ Rxc8 25. h3 Be5 26. Rb7
Rc7 27. Rb8+ Rc8 28. Rb7 {Game drawn by mutual agreement} 1/2-1/2

[Event "Team 45 45 League T33"]
[Site "Internet Chess Club"]
[Date "2007.05.12"]
[Round "4"]
[White "Sailor"]
[Black "Fysh"]
[Result "1-0"]
[WhiteElo "1884"]
[BlackElo "1738"]
[ECO "B21"]
[TimeControl "2700+45"]

1. e4 c5 2. d4 cxd4 3. c3 dxc3 4. Nxc3 Nc6 5. Nf3 d6 6. Bc4 e6 7. O-O Be7 8. Qe2
a6 9. Rd1 b5 10. Bb3 Bb7 11. Bf4 Qc7 12. Rac1 Nf6 13. a3 O-O 14. Nd5 exd5 15.
exd5 Rfe8 16. dxc6 Bxc6 17. Nd4 Bd8 18. Qc2 Bd5 19. Qxc7 Bxc7 20. Rxc7 Bxb3 21.
Nxb3 Nd5 22. Bxd6 Nxc7 23. Bxc7 Rac8 24. Ba5 Rc2 25. Bc3 h6 26. Nd4 Rd8 27. Re1
{Black resigns} 1-0

[Event "Team 45 45 League T33"]
[Site "Internet Chess Club"]
[Date "2007.05.13"]
[Round "4"]
[White "touchthis"]
[Black "Konstantinos"]
[Result "1/2-1/2"]
[WhiteElo "1792"]
[BlackElo "1671"]
[ECO "C44"]
[TimeControl "2700+45"]

1. e4 e5 2. d4 exd4 3. Nf3 Nc6 4. Bc4 h6 5. O-O d6 6. Re1 Bg4 7. c3 Ne5 8. Be2
dxc3 9. Nxe5 Bxe2 10. Qxe2 dxe5 11. Nxc3 c6 12. Rd1 Qc7 13. Be3 Bd6 14. Qg4 Kf8
15. Rac1 Nf6 16. Qf3 a6 17. Ne2 Rd8 18. Ng3 Be7 19. Nf5 Rxd1+ 20. Rxd1 Ne8 21.
Qg3 g5 22. h4 gxh4 23. Qf3 Bg5 24. Bc5+ Kg8 25. Qg4 Kh7 26. Nxh4 Ng7 27. Rd7 Qa5
28. Rxf7 Qxc5 29. Qf5+ Kg8 30. Qd7 Rh7 31. Nf5 Qc1+ 32. Kh2 Qf4+ 33. Kg1 Qc1+
34. Kh2 Qf4+ 35. Kg1 Qc1+ {Game drawn by repetition} 1/2-1/2

[Event "Team 45 45 League T33"]
[Site "Internet Chess Club"]
[Date "2007.05.14"]
[Round "4"]
[White "DaveTheRook"]
[Black "az2112"]
[Result "1-0"]
[WhiteElo "1668"]
[BlackElo "1712"]
[ECO "E90"]
[TimeControl "2700+45"]

1. d4 Nf6 2. c4 g6 3. Nc3 Bg7 4. e4 d6 5. Nf3 O-O 6. h3 e5 7. d5 a5 8. Be3 Na6
9. Bd3 Nc5 10. O-O Nh5 11. Bxc5 dxc5 12. Qd2 f5 13. exf5 gxf5 14. Be2 Nf4 15.
Rfe1 Nxe2+ 16. Rxe2 e4 17. Nh2 Ra6 18. Rd1 Rg6 19. Kh1 Qh4 20. Qe1 Be5 21. f3
Bg3 22. Qg1 Bxh2 23. Qxh2 exf3 24. gxf3 Rg3 25. Rg1 f4 26. Ne4 Rxg1+ 27. Qxg1+
Kh8 28. Qxc5 Qxh3+ 29. Rh2 Qxf3+ 30. Rg2 Rg8 31. Qd4+ Rg7 32. Qxg7# {Black
checkmated} 1-0

[Event "Team 45 45 League T33"]
[Site "Internet Chess Club"]
[Date "2007.05.12"]
[Round "4"]
[White "fishhead"]
[Black "Klampin"]
[Result "0-1"]
[WhiteElo "2057"]
[BlackElo "2004"]
[ECO "B10"]
[TimeControl "2700+45"]

1. e4 c6 2. Nf3 d5 3. Nc3 dxe4 4. Nxe4 Bg4 5. h3 Bxf3 6. Qxf3 Nd7 7. a3 Ngf6 8.
Ng3 e6 9. d4 Qb6 10. c3 c5 11. Qd3 cxd4 12. cxd4 Bd6 13. Be2 O-O 14. O-O Rfd8
15. Be3 Nd5 16. Ne4 Nf4 17. Qb5 a6 18. Bxf4 axb5 19. Nxd6 Qxd4 20. Bg3 Qxb2 21.
Bxb5 Nc5 22. a4 b6 23. Nc4 Qd4 24. Bc7 Rd5 25. Nxb6 Nb3 26. Nxd5 Nxa1 27. Ne7+
Kf8 28. Nc6 Qd7 29. Bb6 Nb3 30. a5 Qd5 31. Ba4 Qc4 32. Bxb3 Qxb3 33. Nd4 Qb2 34.
Rd1 Qc3 35. Kh2 e5 36. Nb5 Qb3 37. Nc7 Qxd1 38. Nxa8 e4 39. Nc7 Qd6+ 40. g3 Ke7
41. Nb5 Qc6 42. Nd4 Qc4 43. Kg2 g6 44. g4 f6 45. f3 e3 46. f4 Qd3 47. f5 g5 48.
h4 gxh4 49. Kf3 h3 50. Nc6+ Kd7 51. Nb4 Qd1+ {White resigns} 0-1

[Event "Team 45 45 League T33"]
[Site "Internet Chess Club"]
[Date "2007.05.20"]
[Round "4"]
[White "Vitruvian"]
[Black "Mater"]
[Result "0-1"]
[WhiteElo "1826"]
[BlackElo "1768"]
[ECO "B22"]
[TimeControl "2700+45"]

1. e4 c5 2. c3 d6 3. d4 cxd4 4. cxd4 e6 5. Nf3 Nf6 6. Nc3 Be7 7. Bd3 a6 8. O-O
Nc6 9. a3 b5 10. Qe2 Bb7 11. Re1 O-O 12. h3 Rc8 13. e5 dxe5 14. dxe5 Nd5 15. Ne4
h6 16. Ng3 Na5 17. Be4 Nb3 18. Rb1 Nxc1 19. Rbxc1 Rxc1 20. Rxc1 Qa8 21. Qe1 Rc8
22. b4 Bd8 23. Bb1 Rxc1 24. Qxc1 Qc8 25. Qxc8 Bxc8 26. Ne4 Bb6 27. Kf1 a5 28.
bxa5 Bxa5 29. Bd3 b4 30. axb4 Bxb4 31. g3 Bb7 32. Nfd2 Nc3 33. Nxc3 Bxc3 34. Nc4
g5 35. Ke2 Bg2 36. h4 gxh4 37. gxh4 Kg7 38. f4 Bd4 39. Nd6 Bg1 40. Be4 Bh3 41.
Ne8+ Kf8 42. Nf6 Bh2 43. Ke3 Bg3 44. h5 Kg7 45. Kf3 Be1 46. Ne8+ Kf8 47. Nf6 Bf1
48. Ng4 Kg7 49. Bc2 Bb5 50. Nf6 Bh4 51. Ne4 Bc6 52. Kg4 Be7 53. Ng3 f6 54. exf6+
Bxf6 55. Ne4 Bd4 56. Kg3 Be8 57. Kg4 Bd7 58. Kg3 Bb5 59. Bd1 Bd3 60. Bf3 Be3 61.
Nf2 Bc2 62. Ng4 Bd2 63. Ne5 Be1+ 64. Kg4 Bf5# {White checkmated} 0-1

[Event "Team 45 45 League T33"]
[Site "Internet Chess Club"]
[Date "2007.05.13"]
[Round "4"]
[White "jazzpiano"]
[Black "vrahimov"]
[Result "1-0"]
[WhiteElo "1705"]
[BlackElo "1545"]
[ECO "C21"]
[TimeControl "2700+45"]

1. e4 e5 2. d4 exd4 3. c3 dxc3 4. Bc4 cxb2 5. Bxb2 d5 6. Bxd5 Nf6 7. Nc3 Be7 8.
Qb3 Nxd5 9. Nxd5 O-O 10. Qc3 f6 11. Nxc7 Bb4 12. Qxb4 Qxc7 13. Rc1 Nc6 14. Qb3+
Kh8 15. Nf3 Qa5+ 16. Bc3 Qa6 17. Qc2 Bg4 18. Qe2 Qxe2+ 19. Kxe2 Rfe8 20. Ke3 Bf5
21. Nd2 Rad8 22. f3 Kg8 23. Rhd1 Be6 24. Rb1 b6 25. a3 Ba2 26. Rb2 Bc4 27. Rc1
Rd3+ 28. Kf2 b5 29. Nxc4 bxc4 30. Rbc2 Ne5 31. Bxe5 fxe5 32. a4 Red8 33. Rxc4
Rd2+ 34. Kg3 h5 35. h4 Kh7 36. Rc7 R8d6 37. R7c6 Kg6 38. Rxd6+ Rxd6 39. Rc5 Kf6
40. Ra5 a6 41. f4 exf4+ 42. Kxf4 Kg6 43. Rg5+ Kh6 44. Ke5 Rc6 45. Kd5 Rb6 46. e5
Rb4 47. e6 Rxh4 48. Re5 Rxa4 49. e7 Ra5+ 50. Kd6 Rxe5 51. Kxe5 Kg5 52. e8=Q h4
53. Qe7+ {Black resigns} 1-0

[Event "Team 45 45 League T33"]
[Site "Internet Chess Club"]
[Date "2007.05.12"]
[Round "4"]
[White "superbeast"]
[Black "diegoami"]
[Result "1/2-1/2"]
[WhiteElo "1668"]
[BlackElo "1689"]
[ECO "A20"]
[TimeControl "2700+45"]

1. c4 e5 2. g3 Nf6 3. Bg2 d5 4. cxd5 Nxd5 5. Nf3 Nc6 6. O-O Bc5 7. a3 O-O 8.
Nxe5 Nxe5 9. d4 Be7 10. dxe5 Be6 11. Qc2 c6 12. Rd1 Qc7 13. Nc3 Nxc3 14. Qxc3
Rad8 15. Bf4 Qb6 16. Be3 Qc7 17. Bf4 Qb6 18. Be3 {Game drawn by mutual
agreement} 1/2-1/2

[Event "Team 45 45 League T33"]
[Site "Internet Chess Club"]
[Date "2007.05.13"]
[Round "4"]
[White "RedAttack"]
[Black "Squaredance"]
[Result "1/2-1/2"]
[WhiteElo "1869"]
[BlackElo "2006"]
[ECO "D02"]
[TimeControl "2700+45"]

1. Nf3 d5 2. d4 e6 3. g3 c6 4. Bg2 Nd7 5. Nc3 Ngf6 6. O-O Bd6 7. Qd3 h6 8. e4
dxe4 9. Nxe4 Nxe4 10. Qxe4 Nf6 11. Qe2 O-O 12. Ne5 Qb6 13. Nc4 Qb5 14. a4 Qa6
15. b3 Be7 16. Qe5 Nd5 17. Ba3 Bxa3 18. Rxa3 Nb6 19. Nd6 Nd7 20. Qe3 Qa5 21. c3
Qc7 22. Nc4 Nf6 23. Raa1 Nd5 24. Qd3 Qd8 25. f4 Qe7 26. Rae1 Rd8 27. b4 Nb6 28.
a5 Nxc4 29. Qxc4 Bd7 30. Qe2 Rab8 31. Rd1 b6 32. axb6 axb6 33. f5 Qf6 34. fxe6
Qxe6 35. Qxe6 fxe6 36. Ra1 Ra8 37. Be4 g5 38. h3 Kg7 39. Kg2 Rxa1 40. Rxa1 Kf6
41. Ra6 Rb8 42. Ra7 Rd8 43. Rb7 e5 44. Rxb6 exd4 45. cxd4 Be6 46. Rxc6 Rxd4 47.
Kf3 Ke5 48. Rc5+ Kd6 49. Rb5 Bxh3 50. Ke3 Rd1 51. Bf3 Rb1 52. Rb6+ Ke5 53. Rxh6
Rb3+ 54. Ke2 Rb2+ 55. Kd3 Be6 56. Rh5 Rb3+ 57. Ke2 Bc4+ 58. Kf2 Rb2+ 59. Kg1
{Game drawn by mutual agreement} 1/2-1/2

[Event "Team 45 45 League T33"]
[Site "Internet Chess Club"]
[Date "2007.05.15"]
[Round "4"]
[White "tourettes"]
[Black "IceBox"]
[Result "0-1"]
[WhiteElo "1834"]
[BlackElo "1693"]
[ECO "C25"]
[TimeControl "2700+45"]

1. e4 e5 2. Nc3 Nc6 3. g3 Nf6 4. Bg2 Bc5 5. Nge2 O-O 6. O-O d6 7. h3 Be6 8. d3
h6 9. Kh2 d5 10. exd5 Nxd5 11. a3 a5 12. Bd2 Qd7 13. Qc1 Nd4 14. Nxd4 Bxd4 15.
Qe1 c6 16. Nd1 Qc7 17. c3 Bb6 18. Rc1 a4 19. Ne3 Nxe3 20. fxe3 Rad8 21. d4 Bd5
22. Bxd5 cxd5 23. Qd1 Ra8 24. Rf5 f6 25. Kg2 g6 26. Qg4 Qg7 27. Rff1 f5 28. Qe2
Qd7 29. dxe5 Rae8 30. e4 Rxe5 31. Bxh6 Rfe8 32. Qd3 Rxe4 33. Rc2 Qe6 34. Kh1 Re1
35. Rxe1 Qxe1+ 36. Kg2 Qg1+ 37. Kf3 Qh1+ 38. Rg2 Kh7 39. Bf4 Qxh3 40. Qxd5 Qg4#
{White checkmated} 0-1

[Event "Team 45 45 League T33"]
[Site "Internet Chess Club"]
[Date "2007.05.13"]
[Round "4"]
[White "Juan73"]
[Black "kingfischer57"]
[Result "1-0"]
[WhiteElo "1797"]
[BlackElo "1767"]
[ECO "C00"]
[TimeControl "2700+45"]

1. e4 e6 2. Nc3 d5 3. exd5 exd5 4. d4 Nf6 5. Bg5 Be7 6. Bd3 O-O 7. Qe2 c6 8.
O-O-O Nbd7 9. h4 b5 10. Re1 Re8 11. Bf5 b4 12. Nd1 a5 13. Nf3 Ba6 14. Qe3 Bd6
15. Qd2 Qc7 16. Kb1 a4 17. h5 h6 18. Bxh6 gxh6 19. Qxh6 Bf4 20. Ng5 Bxg5 21.
Qxg5+ Kh8 22. h6 Rg8 23. Qh4 Rae8 24. h7 Rgf8 25. Qg5 Be2 26. Ne3 Bc4 27. Bxd7
Nxd7 28. Nf5 Rxe1+ 29. Rxe1 Bxa2+ 30. Ka1 {Black resigns} 1-0

[Event "Team 45 45 League T33"]
[Site "Internet Chess Club"]
[Date "2007.05.13"]
[Round "4"]
[White "crankn8tr"]
[Black "egd01"]
[Result "1-0"]
[WhiteElo "1601"]
[BlackElo "1566"]
[ECO "B90"]
[TimeControl "2700+45"]

1. e4 c5 2. Nf3 d6 3. d4 cxd4 4. Nxd4 Nf6 5. Nc3 a6 6. Be3 Ng4 7. Bg5 h6 8. Bh4
g5 9. Bg3 Bg7 10. f3 Ne3 11. Qd3 Bxd4 12. Bf2 Bxc3+ 13. Qxc3 Nxf1 14. Qxh8+ Kd7
15. Qxd8+ Kxd8 16. Rxf1 Nc6 17. O-O-O Be6 18. Kb1 Rc8 19. a3 f5 20. exf5 Bxf5
21. Rd2 Kd7 22. g4 Bg6 23. Bg3 Na5 24. Rfd1 Nc4 25. Re2 Rc6 26. Rc1 Rb6 27. b3
Nxa3+ 28. Kb2 Nb5 29. Bf2 Rc6 30. c4 Nc7 31. Rce1 b5 32. Rxe7+ Kd8 33. Rg7 Bd3
34. Rg8+ Kd7 35. Rg7+ Kc8 36. Rd1 bxc4 37. bxc4 Bxc4 38. Rg6 Be2 39. Rdxd6 Rxd6
40. Rxd6 Bxf3 41. Rxh6 Bxg4 42. Rg6 Be2 43. Rxg5 Kd7 44. Rg7+ Kc6 45. Bg3 Ne6
46. Re7 Kd5 47. Kc3 Bb5 48. h4 Nc5 49. Re5+ Kc6 50. h5 Nd7 51. Rf5 Bf1 52. Rxf1
{Black resigns} 1-0